 Dungeon Crawl Stone Soup version 0.27-a0-909-g0721f309d1 (webtiles) character file.

Game seed: 7551779713247687751

420 spiderkeys the Sneak (level 6, 0/42 HPs)
             Began as an Octopode Brigand on Apr 9, 2021.
             Was a Believer of Fedhas.
             Killed by divine providence
             ... invoked by an orc priest
              (11 damage)
             ... on level 3 of the Dungeon.
             The game lasted 00:05:19 (2985 turns).

spiderkeys the Sneak (Octopode Brigand)             Turns: 2985, Time: 00:05:21

Health: 0/42       AC:  1    Str: 10    XL:     6   Next: 94%
Magic:  6/6        EV: 14    Int: 13    God:    Fedhas [**....]
Gold:   92         SH:  5    Dex: 16    Spells: 5/5 levels left

rFire    . . .     SeeInvis .   a - +2 dagger
rCold    . . .     Faith    .   (no shield)
rNeg     . . .     Spirit   .   (helmet restricted)
rPois    .         Reflect  +   e - amulet of reflection
rElec    .         Harm     .   (no ring)
rCorr    .         Rampage  .   (no ring)
Will     .....                  (no ring)
Stlth    +++++.....             (no ring)
HPRegen  0.14/turn              (no ring)
MPRegen  0.10/turn              (no ring)
                                (no ring)
                                (no ring)

@: no status effects
A: almost no armour, amphibious, 8 rings, camouflage 1, gelatinous body 1,
(nimble swimmer 1), tentacles
a: Renounce Religion, Wall of Briars


You were on level 3 of the Dungeon.
You worshipped Fedhas.
Fedhas was pleased with you.
You visited 1 branch of the dungeon, and saw 3 of its levels.

You collected 92 gold pieces.

Inventory:

Hand Weapons
 a - a +2 dagger (weapon)
Missiles
 b - 7 poisoned darts (quivered)
 c - a curare-tipped dart
Jewellery
 e - an amulet of reflection (around mantle)
Wands
 i - a wand of polymorph (7)
Scrolls
 d - a scroll of enchant armour
 k - a scroll of identify {unknown}
 m - a scroll of teleportation {unknown}
Potions
 f - a potion of mutation {unknown}
 g - a potion of curing {unknown}
 h - a potion of degeneration {unknown}
 j - 2 potions of might {unknown}
 l - a potion of heal wounds {unknown}


   Skills:
 + Level 3.5 Fighting
 + Level 3.5 Short Blades
 + Level 3.6 Throwing
 + Level 3.1 Dodging
 + Level 6.9 Stealth


You had 5 spell levels left.
You didn't know any spells.
Your spell library contained the following spells:

 Spells                   Type           Power      Damage    Failure   Level
 Summon Forest            Summ/Tloc      0%         N/A       100%        5
 Summon Mana Viper        Hex/Summ       0%         N/A       100%        5
 Shadow Creatures         Summ           N/A        N/A       100%        6
 Summon Hydra             Summ           0%         N/A       100%        7


Dungeon Overview and Level Annotations

Branches:
Dungeon (3/15)

Altars:
Fedhas


Innate Abilities, Weirdness & Mutations

You cannot wear most types of armour.
You are amphibious.
You can wear up to eight rings at the same time.
Your skin changes colour to match your surroundings (Stealth+).
Your rubbery body absorbs attacks. (AC +1, EV +1)
((You are camouflaged near water. (Stealth+)))
You have tentacles for arms and can constrict up to eight enemies at once.


Message History

The orc priest is moderately wounded.
You constrict the orc priest.
The orc priest hits you with a +0 falchion.
You hit the orc priest.
The orc priest is heavily wounded.
You constrict the orc priest.
The orc priest hits you with a +0 falchion.
You are too injured to fight recklessly!
You hit the orc priest.
The orc priest is severely wounded.
You constrict the orc priest.
The orc priest mumbles some strange prayers to Beogh against you.
Pain shoots through your body!
You hit the orc priest but do no damage.
The orc priest is almost dead.
You constrict the orc priest.
The orc priest looks encouraged for a moment.
You hit the orc priest but do no damage.
The orc priest is almost dead.
You constrict the orc priest.
You kill the orc priest!
Fedhas appreciates your contribution to the ecosystem.
You closely miss the orc. You grab the orc. You constrict the orc.
The orc completely misses you.
You hit the orc.
The orc is heavily wounded.
You constrict the orc.
The orc priest calls upon Beogh to heal the orc.
The orc's wounds heal themselves!
The orc barely misses you.
You hit the orc.
The orc is heavily wounded.
You constrict the orc. The orc hits you with a +0 mace.
* * * LOW HITPOINT WARNING * * *
You barely miss the orc.
The orc is severely wounded.
You constrict the orc.
The orc priest mumbles some strange prayers to Beogh against you.
Beogh smites you!
You die...
Fedhas appreciates your contribution to the ecosystem.

##....# #.....#
#.#'######### ###
#.#......>..## #..
#.#######.#..# #.. #.#
#.##.###.. #.#
#......... #####.#
####..#... #....@#
##.#... #....†oo.....
#..†.. #.....#....##
##..##
#.....#....##.####..##
####### ...##.........
...#####...... ..#
#...... ### #......
#......


You could see an orc priest and an orc.

Vanquished Creatures
  Sigmund (D:3)
  An orc priest (D:3)
  Jessica (D:2)
  Ijyb (D:3)
  2 iguanas (D:3)
  Terence (D:3)
  5 adders
  A worm (D:2)
  4 dart slugs
  An orc (D:3)
  3 ball pythons
  5 endoplasms
  4 giant cockroaches
  7 goblins
  3 hobgoblins
  2 jackals (D:2)
  3 kobolds
  3 quokkas
  8 bats
  2 frilled lizards
  6 rats
64 creatures vanquished.

Notes
Turn   | Place    | Note
-------+----------+-------------------------------------------
     0 | D:1      | spiderkeys the Octopode Brigand began the quest for the
                  | Orb.
     0 | D:1      | Reached XP level 1. HP: 14/14 MP: 1/1
   330 | D:1      | Reached XP level 2. HP: 19/19 MP: 2/2
   370 | D:1      | Found a faded altar of an unknown god.
   464 | D:1      | Became a worshipper of Fedhas Madash
   464 | D:1      | Reached * piety under Fedhas
   853 | D:1      | Reached XP level 3. HP: 24/24 MP: 3/3
  1080 | D:2      | Noticed Jessica
  1085 | D:2      | Killed Jessica
  1086 | D:2      | Reached XP level 4. HP: 30/30 MP: 4/4
  1840 | D:2      | Reached skill level 6 in Stealth
  2062 | D:3      | Reached ** piety under Fedhas
  2118 | D:3      | Reached XP level 5. HP: 34/36 MP: 5/5
  2333 | D:3      | Noticed Terence
  2345 | D:3      | Killed Terence
  2496 | D:3      | Noticed Sigmund
  2507 | D:3      | Killed Sigmund
  2508 | D:3      | Reached XP level 6. HP: 11/42 MP: 6/6
  2747 | D:3      | Noticed Ijyb
  2754 | D:3      | Killed Ijyb
  2985 | D:3      | Killed from afar by an orc priest

Illustrated notes

Levels and vault maps discovered:
D:1:      scummos_arrival_checkerplants, layout_basic, serial_aquarium,
          aquarium_bridge_straight [aquarium_subvault_bridge,
          aquarium_subvault_window, aquarium_subvault_bridge,
          aquarium_subvault_window], aquarium_bridge_square
          [aquarium_subvault_bridge, aquarium_subvault_balcony,
          aquarium_subvault_bridge, aquarium_subvault_wall], aquarium_window_1,
          aquarium_window_fake, aquarium_view_2f, aquarium_pool_1,
          shapermc_ecumenical_altar_starsandcircs, minmay_tromino_i2
D:2:      layout_basic, chequers_jeans, grunt_decor_clamped, uniq_jessica
D:3:      layout_basic, st_stairs_4, uniq_terence, uniq_ijyb, uniq_sigmund

Skill      XL: |  1  2  3  4  5  6 |
---------------+-------------------+-----
Dodging        | 2 3 |  3.1
Stealth        | 6 |  6.9
Throwing       | 3 |  3.6
Fighting       | 3 |  3.5
Short Blades   | 3 |  3.5

Action                   |  1- 3 |  4- 6 || total
-------------------------+-------+-------++-------
Melee: Dagger            |    45 |    96 ||   141
       Constrict         |    11 |    19 ||    30
       Tentacles         |     7 |    26 ||    33
Throw: Dart              |     4 |     3 ||     7
  Use: Scroll            |     2 |     2 ||     4
 Stab: Sleeping          |    11 |     9 ||    20
Armor: Skin              |     4 |     5 ||     9
Dodge: Dodged            |    13 |    35 ||    48
Block: Other             |       |     7 ||     7

Table legend: (Time is in decaauts)
 A = Elapsed time spent in this place.
 B = Non-inter-level travel time spent in this place.
 C = Inter-level travel time spent in this place.
 D = Time resting spent in this place.
 E = Time spent auto-exploring this place.
 F = Levels seen in this place.
 G = Mean time per level.
                   A        B        C        D        E       F      G
               +--------+--------+--------+--------+--------+-----+--------+
         Total |   2964 |   2910 |     54 |      0 |   2530 |   3 |  988.0 |
       Dungeon |   2964 |   2910 |     54 |      0 |   2530 |   3 |  988.0 |
               +--------+--------+--------+--------+--------+-----+--------+

Top non-repeatable levels by time:
     D:1: 1000 daAuts
     D:2: 997 daAuts
     D:3: 967 daAuts
